AoeStats
← stinkepete2000

Nomad

508726686Analyzed
2v2 RM · 8d ago on Sep 23, 2026· 47m 57s· 4 players
Game mode
Random Map
Map size
176×176
Population
200
Speed
Normal
Resources
Standard
Victory
Conquest
Starting age
Dark Age
Ending age
Imperial Age
RankedLock teamsTeams togetherTeam positionsShared explorationLock speedFull tech treeHidden civsTurbo modeCheats
Victory
Defeat
🇩🇪 Persians · Germany
1266
+17
🇩🇪 Persians · Germany
1265
+17
🇩🇪 Vietnamese · Germany
1306
-18
🇹🇷 Varangians · Türkiye
1272
-16
KaRrA
3:18 Loom
14:00 Feudal Age
17:59 Castle Age
16:11 Double-Bit Axe
18:19 Gold Mining
19:50 Husbandry
19:59 Scale Barding Armor
20:05 Forging
20:32 Bow Saw
22:17 Bloodlines
27:15 Horse Collar
33:29 Heavy Plow
36:55 Town Watch
37:46 Wheelbarrow
41:08 Hand Cart
40:45 Light Cavalry
lagro
4:34 Loom
14:31 Feudal Age
15:17 Double-Bit Axe
16:40 Gold Mining
18:12 Horse Collar
20:01 Fletching
23:20 Castle Age
21:49 Stone Mining
21:45 Town Watch
24:53 Bow Saw
24:40 Bodkin Arrow
25:15 Squires
26:08 Padded Archer Armor
25:58 Arson
26:24 Forging
27:10 Demolition Ship
30:31 Iron Casting
37:55 Scale Mail Armor
39:21 Chain Mail Armor
45:39 Imperial Age
43:51 Pikeman
47:51 Plate Mail Armor
Puschel der Waschbär
8:24 Loom
13:50 Feudal Age
20:43 Castle Age
21:06 Forging
21:36 Medium Warships
26:33 Wheelbarrow
27:34 Double-Bit Axe
34:01 Scale Barding Armor
35:50 Murder Holes
43:57 Horse Collar
50:58 Imperial Age
stinkepete2000
8:15 Loom
12:30 Feudal Age
13:16 Double-Bit Axe
13:13 Fishing Lines
14:59 Wheelbarrow
19:15 Castle Age
18:43 Bloodlines
19:02 Scale Barding Armor
20:13 Medium Warships
19:53 Gillnets
20:32 Bow Saw
20:39 Forging
21:40 Husbandry
24:01 Gold Mining
25:25 Devotion
27:19 Chain Barding Armor
28:33 Iron Casting
31:49 Hand Cart
31:47 Fletching
32:11 Town Watch
35:06 Imperial Age
33:03 Bodkin Arrow
34:15 Ballistics
34:06 Masonry
35:15 Cavalier
36:32 Plate Barding Armor
36:59 Blast Furnace
42:48 Chemistry
42:18 Architecture
44:38 Citadels
43:56 Savar
47:10 Conscription
46:52 Kamandaran
47:28 Hoardings
Connection lost

Rejoining the realm…

Still unreachable

The connection could not be restored.

Session expired

The server has moved on; the page needs a fresh start.